 Dungeon Crawl Stone Soup version 0.31-a0-845-g9abc20d24f (webtiles) character file.

Game seed: 4239496318146634723

38 Kurtz the Chopper (level 3, -4/26 HPs)
             Began as an Octopode Fighter on Oct 1, 2023.
             Slain by a gnoll
             ... wielding a +2 heavy spear
              (9 damage)
             ... on level 3 of the Dungeon.
             The game lasted 00:00:51 (698 turns).

Kurtz the Chopper (Octopode Fighter)                 Turns: 698, Time: 00:00:52

Health: -4/26      AC:  1    Str: 15    XL:     3   Next: 43%
Magic:  3/3        EV: 13    Int: 10    God:
Gold:   42         SH:  4    Dex: 13    Spells: 2/2 levels left

rFire   . . .        a - +0 war axe
rCold   . . .        b - +0 buckler
rNeg    . . .        (helmet restricted)
rPois   .            (no amulet)
rElec   .            (no ring)
rCorr   .            (no ring)
SInv    .            (no ring)
Will    .....        (no ring)
Stlth   ++           (no ring)
HPRegen 0.24/turn    (no ring)
MPRegen 0.08/turn    (no ring)
                     (no ring)

%: no passive effects
@: mighty
A: almost no armour, amphibious, 8 rings, camouflage 1, gelatinous body 1,
(nimble swimmer 1), tentacles
a: no special abilities


You were on level 3 of the Dungeon.
You visited 1 branch of the dungeon, and saw 3 of its levels.

You collected 42 gold pieces.

Inventory:

Hand Weapons
 a - a +0 war axe (weapon)
Missiles
 k - 8 poisoned darts
Armour
 b - a +0 buckler (worn)
Scrolls
 e - a scroll of torment {unknown}
 h - 3 scrolls of teleportation {unknown}
Potions
 d - a potion of ambrosia {unknown}
 f - a potion of haste {unknown}
 g - a potion of berserk rage {unknown}
 i - a potion of enlightenment {unknown}
 j - a potion of curing {unknown}


   Skills:
 - Level 3.0 Fighting
 * Level 3.7 Axes
 - Level 3.0 Dodging
 - Level 3.0 Shields


You had 2 spell levels left.
You didn't know any spells.
Your spell library was empty.

Dungeon Overview and Level Annotations

Branches:
Dungeon (3/15)

Altars:


Innate Abilities, Weirdness & Mutations

You cannot wear most types of armour.
You are amphibious.
You can wear up to eight rings at the same time.
Your skin changes colour to match your surroundings (Stealth+).
Your rubbery body absorbs attacks. (AC +1, EV +1)
((You are camouflaged when in or above water. (Stealth+)))
You have tentacles for arms and can constrict up to eight enemies at once.


Message History

You closely miss the kobold. You grab the kobold. You constrict the kobold.
You block the kobold's attack. The kobold completely misses you.
A kobold is nearby!
You hit the kobold.
The kobold is heavily wounded.
You constrict the kobold.
You kill the kobold!
HP restored.
Things that are here:
a +0 short sword; 8 poisoned darts No target in view!
Found a stone staircase leading up.
No target in view!
Things that are here:
a +0 short sword; 8 poisoned darts
k - 8 poisoned darts
Found a stone staircase leading down.
A gnoll comes into view. It is wielding a +0 flail.
Found 10 gold pieces.
A gnoll is nearby!
A gnoll comes into view. It is wielding a +0 flail.
The gnoll shouts!
You hear a shout!
There are monsters nearby!
You barely miss the gnoll. You grab the gnoll. You squeeze the gnoll.
The gnoll is lightly wounded.
You constrict the gnoll. The gnoll misses you.
A gnoll comes into view. It is wielding a +2 heavy spear.
The gnoll completely misses you. The gnoll hits you with a +0 flail!
Ouch! That really hurt!
The gnoll shouts!
You release your grip on the gnoll.
You feel very mighty all of a sudden. The gnoll hits you with a +0 flail!
* * * LOW HITPOINT WARNING * * *
You slash the gnoll! You grab the gnoll.
The gnoll is severely wounded.
You constrict the gnoll.
You kill the gnoll!
The gnoll hits you from afar with a +2 heavy spear!
You die...

#.# ##.........
#.###...###.###
#.....#.....#
#####...#####
##.## #.#
#.#######
#......$.
#@######. #g#
#.g......
..####### #...
..#. .#. .# ...
.. . #. .#


You could see 2 gnolls.

Vanquished Creatures
  A gnoll (D:3)
  An adder (D:3)
  6 bats (D:1)
  2 endoplasms (D:1)
  2 giant cockroaches (D:1)
  4 goblins (D:1)
  2 hobgoblins (D:1)
  2 kobolds
  A quokka (D:1)
  3 ball pythons (D:1)
  A frilled lizard (D:1)
  A rat (D:2)
26 creatures vanquished.

Notes
Turn   | Place    | Note
-------+----------+-------------------------------------------
     0 | D:1      | Kurtz the Octopode Fighter began the quest for the Orb.
     0 | D:1      | Reached XP level 1. HP: 16/16 MP: 1/1
    50 | D:1      | Reached XP level 2. HP: 21/21 MP: 2/2
   366 | D:1      | Reached XP level 3. HP: 26/26 MP: 3/3
   698 | D:3      | Slain by a gnoll

Illustrated notes

Levels and vault maps discovered:
D:1:      lightli_arrival_chessboard, layout_basic
D:2:      layout_rooms, uniq_robin, uniq_natasha
D:3:      layout_loops_ring, vehumet_crystals, basic_ecumenical_altar,
          chequers_serial_rivers_room_a, hex_large

Skill      XL: |  1  2 |
---------------+-------+-----
Axes           | 3 |  3.7
Fighting       | |  3.0
Dodging        | |  3.0
Shields        | |  3.0

Action                     || total
---------------------------++-------
  Melee: War axe           ||    38
         Constrict         ||    13
         Tentacles         ||     8
    Use: Potion            ||     1
   Stab: Sleeping          ||     6
 Armour: Skin              ||    15
  Dodge: Dodged            ||    12
  Block: Buckler           ||     5

Table legend: (Time is in decaauts)
 A = Elapsed time spent in this place.
 B = Non-inter-level travel time spent in this place.
 C = Inter-level travel time spent in this place.
 D = Time resting spent in this place.
 E = Time spent auto-exploring this place.
 F = Levels seen in this place.
 G = Mean time per level.
                   A        B        C        D        E       F      G
               +--------+--------+--------+--------+--------+-----+--------+
         Total |    712 |    698 |     14 |      0 |    544 |   3 |  237.3 |
       Dungeon |    712 |    698 |     14 |      0 |    544 |   3 |  237.3 |
               +--------+--------+--------+--------+--------+-----+--------+

Top non-repeatable levels by time:
     D:1: 616 daAuts
     D:3: 72 daAuts
     D:2: 23 daAuts
